 Dungeon Crawl Stone Soup version 0.30-a0-634-g8abc85282e (webtiles) character file.

Game seed: 15155876633077651526

2667 bande the Chopper (level 9, -5/55 HPs)
             Began as a Gargoyle Fighter on Jan 14, 2023.
             Was a Priest of Okawaru.
             Slain by an orc warrior
             ... wielding a +0 dire flail
              (7 damage)
             ... on level 8 of the Dungeon.
             The game lasted 00:13:56 (7916 turns).

bande the Chopper (Gargoyle Fighter)                Turns: 7916, Time: 00:13:56

Health: -5/55      AC: 21    Str: 20    XL:     9   Next: 63%
Magic:  12/12      EV:  7    Int:  9    God:    Okawaru [***...]
Gold:   377        SH:  6    Dex: 13    Spells: 8/8 levels left

rFire   + . .      SeeInvis .    a - +0 war axe (venom)
rCold   . . .      Faith    +    c - +1 buckler
rNeg    + . .      Spirit   .    F - +0 chain mail
rPois   ∞          Reflect  .    k - +2 helmet
rElec   +          Harm     .    I - +0 cloak
rCorr   .          Rampage  .    (no gloves)
Will    .....                    (no boots) Stlth
                                 g - amulet of faith
HPRegen 0.29/turn                H - ring of protection from fire
MPRegen 0.13/turn                (no ring)

@: no status effects
A: sickness immunity, AC +6, negative energy resistance 1, electricity
resistance, torment resistance 1, petrification resistance
a: Renounce Religion, Heroism


You were on level 8 of the Dungeon.
You worshipped Okawaru.
Okawaru was most pleased with you.
You visited 2 branches of the dungeon, and saw 9 of its levels.
You also visited: Ossuary.

You collected 377 gold pieces.

Inventory:

Hand Weapons
 a - a +0 war axe of venom (weapon)
 i - a +0 flail
 o - a +0 war axe
Missiles
 l - 2 throwing nets (quivered)
Armour
 c - a +1 buckler (worn)
 k - a +2 helmet (worn)
 F - a +0 chain mail (worn)
 I - a +0 cloak (worn)
Jewellery
 g - an amulet of faith (around neck)
 B - a +6 ring of intelligence
 C - an amulet of reflection
 H - a ring of protection from fire (left hand)
Wands
 h - a wand of digging (4)
 t - a wand of roots (9)
 A - a wand of paralysis (22)
Scrolls
 p - a scroll of fog
 q - a scroll of poison
 r - 3 scrolls of teleportation
 s - 2 scrolls of identify
 y - 2 scrolls of amnesia {unknown}
 D - a scroll of vulnerability {unknown}
 E - a scroll of brand weapon
 G - a scroll of enchant armour
Potions
 b - a potion of haste {unknown}
 d - a potion of might
 e - 2 potions of cancellation
 f - 3 potions of resistance
 j - 2 potions of ambrosia
 m - 5 potions of mutation
 n - a potion of invisibility {unknown}
 u - 2 potions of brilliance {unknown}
 v - 2 potions of heal wounds {unknown}
 w - a potion of flight {unknown}
 x - a potion of lignification {unknown}
 z - 4 potions of curing


   Skills:
 + Level 5.9 Fighting
 + Level 7.5 Axes
 + Level 6.6 Armour
 - Level 0.4 Stealth
 + Level 5.0 Shields
 * Level 4.4 Invocations
 * Level 4.0 Evocations


You had 8 spell levels left.
You didn't know any spells.
Your spell library contained the following spells:

 Spells                   Type           Power      Damage    Failure   Level
 Sandblast                Erth           0%         2d4       99%         1
 Passwall                 Tmut/Erth      0%         N/A       100%        2
 Dazzling Flash           Conj/Hex       0%         N/A       100%        3
 Hailstorm                Conj/Ice       0%         3d3       100%        3
 Inner Flame              Hex/Fire       0%         N/A       100%        3
 Stone Arrow              Conj/Erth      0%         3d7       100%        3
 Flame Wave               Conj/Fire      0%         2d4       100%        4
 Ice Form                 Ice/Tmut       0%         N/A       100%        4
 Iskenderun's Mystic Bla  Conj/Tloc      0%         2d3       100%        4
 Sticky Flame             Conj/Fire      0%         2d3       100%        4
 Starburst                Conj/Fire      0%         6d3       100%        6
 Simulacrum               Ice/Necr       Unusable   N/A       N/A         6

Dungeon Overview and Level Annotations

Branches:
Dungeon (8/15)             Temple (1/1) D:4         Ossuary (visited)
   Lair: D:8-11

Altars:
Ashenzari
Cheibriados
Dithmenos
Elyvilon
Fedhas
Hepliaklqana
Makhleb
Nemelex Xobeh
Okawaru
Trog
Uskayaw
Wu Jian
Xom
Yredelemnul
Zin
The Shining One

Shops:
D:1 *[


Innate Abilities, Weirdness & Mutations

You are immune to sickness and miasma.
Your stone body is resilient. (AC +6)
You are immune to poison.
You resist negative energy. (rN+)
You are resistant to electric shocks. (rElec)
You are resistant to unholy torment.
You are immune to petrification.


Message History

You hear some strange, mumbled words.
A magic dart appears from out of thin air!
The magic dart hits you.
The orc wizard gestures at you while chanting.
The magic dart hits you but does no damage.
The orc closely misses you.
The orc hits you from afar with a +0 trident.
Unknown command.
You slash the orc wizard!
You kill the orc wizard!
Okawaru accepts your kill.
You closely miss something. You closely miss the orc warrior.
You closely miss the orc.
You hit the orc warrior but do no damage.
The orc warrior hits you with a +0 short sword.
* * * LOW HITPOINT WARNING * * *
Something hits you but does no damage. The orc hits you but does no damage.
The orc warrior hits you with a +0 dire flail.
* * * LOW HITPOINT WARNING * * *
Unknown command.
You bump into the rock wall.
You feel less confused.
The orc warrior hits you but does no damage.
You hear some strange, mumbled words.
Something tries to affect you, but you resist.
The orc hits you but does no damage. You block the orc's attack.
The orc hits you but does no damage.
The orc warrior hits you with a +0 dire flail!
* * * LOW HITPOINT WARNING * * *
You slash the orc!
You kill the orc!
You hit the orc warrior but do no damage.
The orc warrior is poisoned.
You barely miss something. You hit the orc warrior. You barely miss the orc.
Something hits you.
* * * LOW HITPOINT WARNING * * *
The orc warrior hits you with a +0 short sword.
* * * LOW HITPOINT WARNING * * *
You block the orc's attack.
The orc warrior hits you with a +0 dire flail!
You die...

## ### .##..##
....... ....... ..
#### .....#
...###..##.....##
.......oooo......
........o@{......
#'####'####...##
##.####.#### ..#
...........# ...
...........# ..
########..## .
#...###..##
#.....#...#
##[....#..########


You could see 2 orc warriors and 3 orcs.

Vanquished Creatures
  Pikel (D:7)
  A wyvern (D:7)
  2 water moccasins
  A sky beast (D:6)
  An ice beast (D:6)
  An ogre (D:4)
  A kobold brigand (D:6)
  2 bullfrogs
  A necrophage (D:7)
  A scorpion (D:6)
  4 wights (D:6)
  3 killer bees (D:8)
  A howler monkey (D:3)
  A centaur zombie (Ossuary)
  4 hounds
  3 orc priests
  3 jellies
  4 iguanas
  7 orc wizards
  3 mummies (Ossuary)
  4 gnolls (D:5)
  9 adders
  A white imp (D:7)
  2 ufetubi
  A worm (D:3)
  3 dart slugs
  25 orcs
  8 endoplasms
  3 giant cockroaches
  9 hobgoblins
  19 kobolds
  4 quokkas
  8 ball pythons
  7 bats
  7 frilled lizards
  4 goblins
  A goblin zombie (Ossuary)
  3 hobgoblin zombies (Ossuary)
  2 kobold zombies (Ossuary)
  An orc zombie (Ossuary)
  8 rats
174 creatures vanquished.

Notes
Turn   | Place    | Note
-------+----------+-------------------------------------------
     0 | D:1      | bande the Gargoyle Fighter began the quest for the Orb.
     0 | D:1      | Reached XP level 1. HP: 14/14 MP: 1/1
    86 | D:1      | Reached XP level 2. HP: 17/19 MP: 2/2
   148 | D:1      | Reached skill level 2 in Axes
   267 | D:1      | Found Xest's Armour Shop.
   451 | D:1      | Reached XP level 3. HP: 21/23 MP: 3/3
   553 | D:1      | Found Dok Hofi's General Store.
  1059 | D:2      | Reached XP level 4. HP: 28/29 MP: 4/4
  1717 | D:3      | Reached skill level 3 in Axes
  1717 | D:3      | Reached XP level 5. HP: 25/33 MP: 5/5
  2243 | D:3      | Reached XP level 6. HP: 36/38 MP: 6/6
  3026 | D:4      | Found a sand-covered staircase.
  3307 | D:4      | Found a staircase to the Ecumenical Temple.
  3346 | Ossuary  | Entered an ossuary
  3412 | Ossuary  | Reached skill level 4 in Axes
  3500 | Ossuary  | Reached skill level 1 in Evocations
  3623 | D:4      | Found a burning altar of Makhleb.
  3623 | D:4      | Found a faded altar of an unknown god.
  3659 | Temple   | Entered the Ecumenical Temple
  3686 | Temple   | Became a worshipper of Warmaster Okawaru
  3843 | D:4      | Reached skill level 5 in Armour
  3843 | D:4      | Reached XP level 7. HP: 3/44 MP: 7/7
  3843 | D:4      | HP: 1/44 [hound (3)]
  4534 | D:4      | Found a shimmering altar of Xom.
  4536 | D:4      | Found a shadowy altar of Dithmenos.
  4538 | D:4      | Found a bloodstained altar of Trog.
  4702 | D:5      | Entered Level 5 of the Dungeon
  4734 | D:5      | Reached skill level 1 in Invocations
  5270 | D:5      | Reached skill level 5 in Axes
  5360 | D:5      | Reached * piety under Okawaru
  5897 | D:6      | Reached XP level 8. HP: 48/48 MP: 9/9
  5982 | D:6      | Reached ** piety under Okawaru
  6022 | D:6      | Reached skill level 5 in Fighting
  6100 | D:6      | Reached skill level 6 in Axes
  7254 | D:7      | Reached XP level 9. HP: 47/54 MP: 11/11
  7301 | D:7      | Noticed Pikel
  7311 | D:7      | Killed Pikel
  7311 | D:7      | Reached *** piety under Okawaru
  7312 | D:7      | Reached skill level 7 in Axes
  7815 | D:8      | Reached skill level 5 in Shields
  7916 | D:8      | HP: 2/55 [orc warrior/+0 short sword (2)]
  7916 | D:8      | Slain by an orc warrior

Illustrated notes

Levels and vault maps discovered:
D:1:      evilmike_arrival_plus, layout_rooms, serial_shops, shop, shop
D:2:      layout_basic, grunt_ministairs_5, eino_curves_04,
          minmay_misc_feat_four_crosses
D:3:      layout_basic
D:4:      layout_loops_ring, chequers_temple_overflow_minitemple,
          minmay_temple_entry_butterflies,
          nicolae_ossuary_entry_false_entrances,
          minmay_fractal_squares_diagonal_5
D:5:      layout_loops_corners
D:6:      layout_basic
D:7:      layout_rooms, uniq_pikel
D:8:      layout_gridville
Temple:   hc_temple_tempest_star

Skill      XL: |  1  2  3  4  5  6  7  8  9 |
---------------+----------------------------+-----
Axes           | 2 3 4 5 6 7 |  7.5
Armour         | 4 5 6 |  6.6
Fighting       | 4 5 |  5.9
Shields        | 4 5 |  5.0
Evocations     | 1 2 3 4 |  4.0
Invocations    | 2 3 4 |  4.4
Stealth        | |  0.4

Action                   |  1- 3 |  4- 6 |  7- 9 || total
-------------------------+-------+-------+-------++-------
Melee: War axe           |   117 |   202 |   245 ||   564
  Use: Scroll            |       |     3 |    11 ||    14
Armor: Scale mail        |    78 |   153 |    90 ||   321
       Chain mail        |       |       |   109 ||   109
Dodge: Dodged            |    72 |    84 |   111 ||   267
Block: Buckler           |    34 |    38 |    76 ||   148

Table legend: (Time is in decaauts)
 A = Elapsed time spent in this place.
 B = Non-inter-level travel time spent in this place.
 C = Inter-level travel time spent in this place.
 D = Time resting spent in this place.
 E = Time spent auto-exploring this place.
 F = Levels seen in this place.
 G = Mean time per level.
                   A        B        C        D        E       F      G
               +--------+--------+--------+--------+--------+-----+--------+
         Total |   8097 |   7749 |    348 |   1174 |   4842 |  10 |  809.7 |
       Dungeon |   7840 |   7499 |    341 |   1174 |   4726 |   8 |  980.0 |
        Temple |     44 |     37 |      7 |      0 |     21 |   1 |   44.0 |
       Ossuary |    212 |    212 |      0 |      0 |     95 |   1 |  212.0 |
               +--------+--------+--------+--------+--------+-----+--------+

Top non-repeatable levels by time:
     D:6: 1568 daAuts
     D:3: 1457 daAuts
     D:4: 1452 daAuts
     D:2: 1011 daAuts
     D:5: 1003 daAuts
     D:1: 651 daAuts
     D:7: 570 daAuts
 Ossuary: 212 daAuts
     D:8: 126 daAuts
  Temple: 44 daAuts
